 Dungeon Crawl Stone Soup version 0.21-a0-104-g7b58145 (webtiles) character file.

485 HAL9000 the Ruffian (level 6, 0/47 HPs)
             Began as a Draconian Transmuter on July 5, 2017.
             Succumbed to anet's ghost's poison
             ... on level 4 of the Dungeon.
             The game lasted 00:07:24 (3545 turns).

HAL9000 the Ruffian (Draconian Transmuter)          Turns: 3545, Time: 00:07:25

Health: 0/47       AC: 10    Str: 14    XL:     6   Next: 88%
Magic:  5/9        EV: 12    Int: 14    God:
Gold:   243        SH:  0    Dex: 11    Spells: 3/9 levels left

rFire    + . .     SeeInvis .     - Unarmed
rCold    + . .     Gourm    .   (no shield)
rNeg     . . .     Faith    .   (armour unavailable)
rPois    +         Spirit   .   (helmet restricted)
rElec    +         Reflect  .   s - +0 cloak
rCorr    +         Harm     .   p - +0 pair of gloves
MR       .....                  f - +1 pair of boots
Stlth    +.........             (no amulet)
HPRegen  0.15/turn              (no ring)
MPRegen  0.11/turn              (no ring)

@: lethally poisoned (0 -> -16), appendage (expiring), resistant
A: unfitting armour, horns 2, cold-blooded, AC +6
a: End Transformation


You were on level 4 of the Dungeon.
You were near starving.
You had grown temporary horns.
You visited 1 branch of the dungeon, and saw 4 of its levels.

You collected 243 gold pieces.

Inventory:

Missiles
 a - 54 arrows
Armour
 f - a +1 pair of boots (worn)
 p - a +0 pair of gloves (worn)
 s - a +0 cloak (worn)
 u - a +0 shield
Jewellery
 r - an uncursed amulet of guardian spirit
Scrolls
 e - a scroll of enchant weapon {unknown}
 m - 4 scrolls of remove curse
 n - 2 scrolls of recharging {unknown}
 o - 3 scrolls of teleportation {unknown}
 w - a scroll of amnesia {unknown}
 y - a scroll of immolation {unknown}
Potions
 k - 2 potions of flight
Books
 b - a book of Changes

   Spells                             Type                      Level
   a - Beastly Appendage              Transmutation                1
   b - Sticks to Snakes               Transmutation                2
   c - Spider Form                    Transmutation/Poison         3
   d - Ice Form                       Ice/Transmutation            4
   e - Blade Hands                    Transmutation                5
Comestibles
 c - a bread ration
 g - 3 meat rations
 l - 6 fruits
 t - 2 royal jellies


   Skills:
 - Level 1.1 Fighting
 - Level 1.7 Dodging
 + Level 6.0 Unarmed Combat
 - Level 2.0 Spellcasting
 + Level 5.4 Transmutations


You had 3 spell levels left.
You knew the following spells:

 Your Spells              Type           Power        Failure   Level  Hunger
a - Beastly Appendage     Tmut           ###...       2%          1    ##.....
b - Sticks to Snakes      Tmut           ###.....     3%          2    ###....
c - Spider Form           Tmut/Pois      #.........   24%         3    ####...


Dungeon Overview and Level Annotations

Branches:
Dungeon (4/15)
 Temple: D:4-7

Altars:

Annotations:
D:4 anet's ghost, novice HaWz


Innate Abilities, Weirdness & Mutations

Your plain brown scales are hard. (AC +6)
You cannot fit into any form of body armour.
You are cold-blooded and may be slowed by cold attacks.
You have a pair of horns on your head.


Message History

Your ball python closely misses anet's ghost.
* * * LOW HITPOINT WARNING * * *
You feel sick.
Your ball python closely misses anet's ghost.
* * * LOW HITPOINT WARNING * * *
You feel sick.
Your ball python barely misses anet's ghost.
There is an open door here.
Unknown command.
* * * LOW HITPOINT WARNING * * *
You feel sick.
Your ball python closely misses anet's ghost.
Anet's ghost whispers, "Trust me.
Just give in."
There is a stone staircase leading up here.
Okay, then.
There is a lethal amount of poison in your body!
There is a lethal amount of poison in your body!
You closely miss anet's ghost. Your headbutt misses anet's ghost.
Anet's ghost is moderately damaged.
You die...

##..##...##..###...|####'##..##
.....#...#..<.................#..
.....#...#....................'..
########.###.##..##.###..########
######'###.######.###'#########
+....#.........#.S.#.........#.
#....'.........#...#.........#.
#....#.........W...#.........#.
######..###...@###.########..##
########..###....###.##..####..##
..).#............>.#..........(#.
....'..............#...........+.
....#..............+....†......#.
..######...####..###..##.#..#..##
..######...##################..##
..#...#................# #.....
..#...#................# #.....


You could see anet's ghost and a friendly ball python.

Vanquished Creatures
  A water moccasin zombie (D:4)
  2 scorpions (D:4)
  The ghost of HAL9000 the Ruffian, a weakling DrTm (D:3)
  An orc wizard (D:3)
  An orc priest (D:3)
  A jelly (D:4)
  A centaur skeleton (D:4)
  An iguana (D:4)
  A worker ant (D:4)
  A hound skeleton (D:4)
  3 adders
  2 oozes (D:2)
  A worm (D:2)
  A dart slug (D:1)
  3 leopard geckos
  An orc (D:3)
  6 bats
  5 giant cockroaches
  13 goblins
  6 hobgoblins
  2 jackals (D:3)
  A quokka (D:2)
  2 frilled lizards
  7 kobolds
  A quokka skeleton (D:4)
  11 rats
76 creatures vanquished.

Vanquished Creatures (collateral kills)
  An orc priest (D:3)
  An orc wizard (D:3)
  A dart slug (D:3)
  A leopard gecko (D:3)
  3 orcs
  A goblin (D:2)
  A quokka (D:3)
  A bat (D:2)
  A frilled lizard (D:2)
  2 kobolds
13 creatures vanquished.

Vanquished Creatures (others)
  A goblin (D:3)
1 creature vanquished.

Grand Total: 90 creatures vanquished

Notes
Turn   | Place    | Note
-------+----------+-------------------------------------------
     0 | D:1      | HAL9000 the Draconian Transmuter began the quest for the Orb.
     0 | D:1      | Reached XP level 1. HP: 16/16 MP: 3/3
   165 | D:1      | Reached XP level 2. HP: 23/23 MP: 5/5
   521 | D:2      | Reached XP level 3. HP: 21/28 MP: 4/6
   563 | D:1      | Reached skill level 4 in Unarmed Combat
   567 | D:1      | Learned a level 2 spell: Sticks to Snakes
  1328 | D:3      | Reached XP level 4. HP: 16/35 MP: 0/7
  1353 | D:3      | Noticed HAL9000's ghost (weakling DrTm)
  1727 | D:3      | Killed HAL9000's ghost
  1727 | D:3      | Reached XP level 5. HP: 23/40 MP: 1/8
  2247 | D:3      | Reached skill level 5 in Unarmed Combat
  2564 | D:4      | Reached XP level 6. HP: 45/47 MP: 6/9
  2584 | D:4      | Learned a level 3 spell: Spider Form
  2822 | D:4      | Reached skill level 5 in Transmutations
  2823 | D:4      | Noticed anet's ghost (novice HaWz)
  3165 | D:4      | Reached skill level 6 in Unarmed Combat
  3544 | D:4      | HP: 1/47 [poisoned by anet's ghost]
  3545 | D:4      | Succumbed to anet's ghost's poison

Vault maps used:
D:1:      eino_arrival_druids_welcome, minmay_pentomino_r2
D:2:      hangedman_abyss_or_decor_stabs, minmay_large_rounded_square,
          grunt_ministairs_3
D:4:      minmay_misc_feat_more_columns

Skill      XL: |  1  2  3  4  5  6 |
---------------+-------------------+-----
Unarmed Combat | 4 5 6 |  6.0
Transmutations | 3 4 5 |  5.4
Fighting       | |  1.1
Dodging        | |  1.7
Spellcasting   | |  2.0

Action                   |  1- 3 |  4- 6 || total
-------------------------+-------+-------++-------
Melee: Unarmed           |   151 |   204 ||   355
       Kick              |     5 |       ||     5
       Tailslap          |    15 |    20 ||    35
       Headbutt          |     4 |     2 ||     6
       Punch             |       |     5 ||     5
 Cast: Beastly Appendage |    15 |     5 ||    20
       Sticks to Snakes  |     6 |    16 ||    22
  Use: Scroll            |       |     3 ||     3
       Potion            |       |     4 ||     4
 Stab: Distracted        |     1 |       ||     1
  Eat: Chunk             |     1 |     8 ||     9
Armor: Skin              |    67 |    85 ||   152
Dodge: Dodged            |   117 |   184 ||   301
